 Dungeon Crawl Stone Soup version 0.28-a0-1227-ga9037bb4c8 (webtiles) character file.

Game seed: 3987870311358082196

26542 flotson the Fighter (level 12, -2/96 HPs)
             Began as a Demonspawn Gladiator on Dec 23, 2021.
             Was an Initiate of Gozag.
             Hit by a silver javelin thrown by a minotaur (29 damage)
             ... in a Gauntlet.
             The game lasted 00:40:39 (16844 turns).

flotson the Fighter (Demonspawn Gladiator)         Turns: 16844, Time: 00:40:40

Health: -2/96      AC: 13    Str: 18    XL:     12   Next: 99%
Magic:  12/12      EV: 19    Int:  9    God:    Gozag
Gold:   2803       SH:  8    Dex: 23    Spells: 11/11 levels left

rFire   . . .      SeeInvis .   a - +0 broad axe
rCold   + . .      Faith    .   q - +2 buckler
rNeg    . . .      Spirit   .   B - +2 leather armour {rPois}
rPois   +          Reflect  .   M - +1 hat {Will+}
rElec   .          Harm     .   o - +0 cloak
rCorr   .          Rampage  .   (no gloves)
Will    +....      NoTele   +   h - +1 pair of boots
Stlth   ++........              I - amulet of regeneration
HPRegen 1.06/turn               f - ring of protection from cold
MPRegen 0.13/turn               u - +6 ring of dexterity

@: mighty, hasted, invisible, very quick
A: thin metallic scales 2, ignite blood 1, weakness stinger 2
a: Renounce Religion, Potion Petition, Call Merchant, Bribe Branch


You were in a Gauntlet.
You worshipped Gozag.
Gozag was most pleased with you.
You visited 3 branches of the dungeon, and saw 15 of its levels.
You also visited: Ossuary and Gauntlet.

You collected 3024 gold pieces.
You spent 94 gold pieces at shops.
You paid 127 gold pieces to Gozag.

Inventory:

Hand Weapons
 a - a +0 broad axe (weapon)
 O - a +0 trident of protection
Missiles
 d - 3 throwing nets
 e - 49 poisoned darts
 g - a curare-tipped dart (quivered)
 z - 5 datura-tipped darts
 H - 4 atropa-tipped darts
Armour
 h - a +1 pair of boots (worn)
 o - a +0 cloak (worn)
 q - a +2 buckler (worn)
 w - a +2 chain mail of willpower
 B - a +2 leather armour of poison resistance (worn)
 M - a +1 hat of willpower (worn)
Jewellery
 f - a ring of protection from cold (left hand)
 s - a ring of flight
 u - a +6 ring of dexterity (right hand)
 I - an amulet of regeneration (around neck)
Wands
 E - a wand of digging (6)
 G - a wand of mindburst (6)
 L - a wand of flame (1)
 R - a wand of paralysis (5)
 X - a wand of charming (8)
 Z - a wand of acid (1)
Scrolls
 c - 2 scrolls of noise {unknown}
 t - 4 scrolls of teleportation
 v - 5 scrolls of fear
 y - 2 scrolls of enchant weapon {unknown}
 A - 2 scrolls of magic mapping {unknown}
 C - 2 scrolls of blinking {unknown}
 D - 2 scrolls of holy word {unknown}
 F - 3 scrolls of immolation {unknown}
 J - 2 scrolls of fog {unknown}
 N - 3 scrolls of vulnerability {unknown}
 S - 4 scrolls of amnesia {unknown}
 U - 2 scrolls of enchant armour {unknown}
 Y - a scroll of silence {unknown}
Potions
 j - 2 potions of lignification
 k - 3 potions of heal wounds
 l - a potion of attraction
 m - 2 potions of resistance
 n - 3 potions of berserk rage
 p - a potion of cancellation
 x - 5 potions of might
 K - 3 potions of haste
 P - a potion of curing
Miscellaneous
 V - a tin of tremorstones (2/2)
 W - a box of beasts


   Skills:
 + Level 9.5 Fighting
 + Level 8.1(8.3) Axes
 - Level 2.6(5.8) Maces & Flails
 + Level 8.6 Throwing
 + Level 8.4 Armour
 + Level 8.9 Dodging
 - Level 4.0 Shields
 + Level 7.9 Evocations


You had 11 spell levels left.
You didn't know any spells.
Your spell library contained the following spells:

 Spells                   Type           Power      Damage    Failure   Level
 Animate Skeleton         Necr           0%         N/A       43%         1
 Apportation              Tloc           0%         N/A       43%         1
 Beastly Appendage        Tmut           0%         N/A       43%         1
 Foxfire                  Conj/Fire      0%         2x1d4     43%         1
 Magic Dart               Conj           0%         1d3       43%         1
 Summon Small Mammal      Summ           0%         N/A       43%         1
 Call Imp                 Summ           0%         N/A       56%         2
 Corpse Rot               Necr/Air       0%         N/A       56%         2
 Wereblood                Tmut           0%         N/A       56%         2
 Conjure Flame            Conj/Fire      0%         6-21      80%         3
 Inner Flame              Hex/Fire       0%         N/A       80%         3
 Mephitic Cloud           Conj/Pois/Air  0%         N/A       80%         3
 Spider Form              Tmut/Pois      0%         N/A       80%         3
 Tukima's Dance           Hex            0%         N/A       80%         3
 Flame Wave               Conj/Fire      0%         2d4       99%         4
 Passage of Golubria      Tloc           0%         N/A       99%         4
 Yara's Violent Unravell  Hex/Tmut       0%         3d3       100%        5
 Conjure Ball Lightning   Conj/Air       0%         3x3d6     100%        6
 Dispersal                Tloc           0%         N/A       100%        6
 Disjunction              Tloc           0%         N/A       100%        8


Dungeon Overview and Level Annotations

Branches:
Dungeon (10/15)            Temple (1/1) D:7            Lair (4/6) D:9
  Swamp (0/4) Lair:2       Spider (0/4) Lair:4          Orc (0/2) D:10
Ossuary (visited)         Gauntlet (1/1)

Altars:
Cheibriados
Dithmenos
Elyvilon
Gozag
Hepliaklqana
Kikubaaqudgha
Makhleb
Nemelex Xobeh
Okawaru
Qazlal
Wu Jian
Xom
Zin
The Shining One

Shops:
D:2 (   D:4 *

Annotations:
Lair:3 6 runed translucent doors, exclusions: ice statue and oklob plant
Lair:4 Josephine Gauntlet 5 transporters, 2 runed translucent doors


Innate Abilities, Weirdness & Mutations

You are mostly covered in thin metallic scales. (AC +3)
Your demonic aura sometimes causes spilled blood to erupt in flames.
You have a tail ending in a sharp stinger.


Message History

You catch the helpless minotaur completely off-guard!
You hit the minotaur but do no damage.
You tail-slap the minotaur, but do no damage.
The minotaur throws a silver javelin.
The silver javelin misses you.
You barely miss the minotaur. The minotaur closely misses you.
You block the minotaur's attack.
You hit the minotaur but do no damage. You tail-slap the minotaur.
The minotaur is lightly wounded.
You flicker for a moment.
The minotaur hits you with a +1 glaive of freezing!!
The minotaur freezes you. The minotaur misses you.
The minotaur hits you with a +1 glaive of freezing!
The minotaur freezes you. You block the minotaur's attack.
The minotaur is engulfed in blazing flames.
You flicker back into view.
There is an open door here.
You fade into invisibility!
You block the minotaur's attack.
The minotaur gores you but does no damage.
You feel very mighty all of a sudden.
The minotaur hits you with a +1 glaive of freezing!
The minotaur freezes you. The minotaur completely misses you.
You feel yourself speed up.
The minotaur hits you with a +1 glaive of freezing!!
* * * LOW HITPOINT WARNING * * *
The minotaur freezes you.
* * * LOW HITPOINT WARNING * * *
The minotaur closely misses you.
There is an open door here.
You close the door.
A minotaur breaks down the door.
Aiming: Corrosive Bolt
Press: ? - help, Shift-Dir - straight line, f/p - minotaur
Aim: a minotaur, wielding a +1 glaive of freezing, wearing a +0 plate armour and quivering silver javelins (unusually resistant, 88% to hit)
The bolt of acid misses the minotaur.
The minotaur is no longer unusually resistant.
The minotaur throws a silver javelin.
The silver javelin pierces through you!!
You die...
Your body crumbles into a pile of gold.

#≈≈≈#...##
########...#...#8
#..........#.8.#©
##.##.###.8.#.⌠.#8
#8........©.#.8.##
#.....#.#.8.#...#5
#########.#.#.©.#...#.
#8}8:8.8#...#.8.#.8.#.
#∩(..@..'H###.©.#.∩.#.
#8[8)8.8#...#.8.#.8.#.
#########.#.#.©.#...#.
..#.#.8.#...#.
......©.#.8.##
##.###.8.#.⌠.#8
........#.8.#©
#####...#...#8
#≈≈≈#...##


You could see a minotaur.

Vanquished Creatures
  Gastronok (Lair:3)
  An ice dragon (Lair:3)
  A hydra (Lair:2)
  2 death yaks (D:8)
  A two-headed ogre (D:10)
  A black mamba (Lair:3)
  6 cane toads
  Psyche (D:8)
  4 komodo dragons
  2 rime drakes
  3 jumping spiders
  3 hornets
  A polar bear (Lair:3)
  5 blink frogs
  Prince Ribbit (D:8)
  A polar bear (shapeshifter) (D:9)
  6 slime creatures
  7 flying skulls (Gauntlet)
  3 redbacks
  3 wraiths (Lair:4)
  2 tarantellas (Lair:3)
  4 wyverns
  15 yaks
  A steam dragon (Lair:3)
  A basilisk (Lair:3)
  11 vampire mosquitoes
  An acid dragon (D:10)
  11 water moccasins
  Duvessa (D:4)
  3 sky beasts
  2 necrophages
  A black bear (D:4)
  5 orc warriors
  8 ice beasts
  2 ogres
  2 centaurs
  2 phantoms
  2 kobold brigands
  2 gnoll sergeants
  Blork the orc (D:5)
  9 bullfrogs
  3 scorpions
  2 water moccasin zombies (D:5)
  Dowan (D:4)
  13 killer bees
  4 electric eels (Lair:3)
  2 howler monkeys (D:8)
  3 crimson imps (Gauntlet)
  4 centaur zombies
  A bullfrog zombie (D:7)
  A jelly (D:5)
  6 orc priests
  2 gnoll shamans (D:8)
  2 iguanas
  20 orc wizards
  A hound skeleton (D:4)
  8 mummies (Ossuary)
  2 howler monkey zombies (D:8)
  11 adders
  8 gnolls
  6 white imps
  2 adder skeletons (D:4)
  A worm (D:3)
  A dart slug (D:3)
  51 orcs
  5 bats
  4 endoplasms
  6 giant cockroaches
  2 gnoll zombies (Ossuary)
  6 goblins
  11 hobgoblins
  3 jackals (D:2)
  5 quokkas
  4 ball pythons
  3 frilled lizards
  4 hobgoblin zombies
  12 kobolds
  A kobold zombie (Ossuary)
  2 orc zombies (Ossuary)
  6 rats
  A rat zombie (D:7)
369 creatures vanquished.

Vanquished Creatures (collateral kills)
  A death yak (D:8)
  A killer bee (D:8)
  A howler monkey (D:8)
  An orc priest (D:8)
  3 gnolls (D:8)
  3 orcs
10 creatures vanquished.

Vanquished Creatures (others)
  A gnoll (D:8)
  2 orcs (D:6)
  20 fungi
  65 plants
88 creatures vanquished.

Grand Total: 467 creatures vanquished

Notes
Turn   | Place    | Note
-------+----------+-------------------------------------------
     0 | D:1      | flotson the Demonspawn Gladiator began the quest for the
                  | Orb.
     0 | D:1      | Reached XP level 1. HP: 16/16 MP: 1/1
   368 | D:1      | Gained mutation: You have a small tail. [demonic ancestry]
   368 | D:1      | Reached XP level 2. HP: 22/22 MP: 2/2
   569 | D:1      | Found a faded altar of an unknown god.
   863 | D:2      | HP: 1/22 [adder (2)]
   869 | D:2      | Reached skill level 1 in Armour
   869 | D:2      | Reached XP level 3. HP: 10/28 MP: 3/3
  1262 | D:2      | Found Osseoz's Weapon Emporium.
  1655 | D:2      | Reached XP level 4. HP: 34/34 MP: 4/4
  2979 | D:4      | Noticed a black bear
  2985 | D:4      | Killed a black bear
  2986 | D:4      | Reached skill level 3 in Fighting
  2986 | D:4      | Reached XP level 5. HP: 41/41 MP: 5/5
  3037 | D:4      | Reached skill level 1 in Axes
  3113 | D:4      | Noticed an ogre
  3122 | D:4      | Killed an ogre
  3123 | D:4      | Reached skill level 1 in Shields
  3123 | D:4      | Gained mutation: Your demonic aura sometimes causes spilled
                  | blood to erupt in flames. [demonic ancestry]
  3123 | D:4      | Reached XP level 6. HP: 47/47 MP: 6/6
  3140 | D:4      | Noticed Duvessa
  3143 | D:4      | Noticed Dowan
  3160 | D:4      | Killed Duvessa
  3160 | D:4      | Killed Dowan
  3252 | D:4      | Found Qagyimi's CLEARANCE SALE!.
  3263 | D:4      | Bought a scroll of identify for 6 gold pieces
  3263 | D:4      | Bought a +2 chain mail of willpower for 64 gold pieces
  3263 | D:4      | Bought 2 potions of might for 24 gold pieces
  3308 | D:4      | Noticed a sky beast
  3321 | D:4      | Killed a sky beast
  3322 | D:4      | Gained mutation: You have a tail ending in a sharp stinger.
                  | [demonic ancestry]
  3322 | D:4      | Reached XP level 7. HP: 53/53 MP: 7/7
  3362 | D:4      | Found a shimmering altar of Xom.
  3555 | D:4      | Reached skill level 4 in Fighting
  4282 | D:5      | Entered Level 5 of the Dungeon
  4406 | D:5      | Noticed Blork the orc
  4413 | D:5      | Killed Blork the orc
  4565 | D:5      | Reached XP level 8. HP: 53/61 MP: 8/8
  6356 | D:6      | Reached skill level 1 in Evocations
  6738 | D:6      | Reached skill level 5 in Fighting
  6949 | D:6      | Reached skill level 5 in Dodging
  7379 | D:6      | Gained mutation: You are partially covered in thin metallic
                  | scales. (AC +2) [demonic ancestry]
  7379 | D:6      | Reached XP level 9. HP: 68/68 MP: 9/9
  7882 | D:7      | Reached skill level 5 in Throwing
  7959 | D:7      | Found a staircase to the Ecumenical Temple.
  7967 | Temple   | Entered the Ecumenical Temple
  8191 | Temple   | Became a worshipper of Gozag Ym Sagoz the Greedy
  8346 | D:7      | Found a sand-covered staircase.
  8359 | Ossuary  | Entered an ossuary
  8865 | D:8      | Noticed Prince Ribbit
  8875 | D:8      | Killed Prince Ribbit
  8876 | D:8      | Reached skill level 6 in Fighting
  8876 | D:8      | Reached skill level 5 in Armour
  9024 | D:8      | Noticed Psyche
  9038 | D:8      | Killed Psyche
  9039 | D:8      | Gained mutation: You are mostly covered in thin metallic
                  | scales. (AC +3) [demonic ancestry]
  9039 | D:8      | Reached XP level 10. HP: 77/77 MP: 10/10
  9558 | D:9      | Noticed a death yak
  9568 | D:9      | Noticed a death yak
  9589 | D:8      | Killed a death yak
  9590 | D:8      | Reached skill level 5 in Axes
  9671 | D:9      | Noticed a death yak
  9795 | D:8      | Killed a death yak
  9796 | D:8      | Reached skill level 7 in Fighting
  9801 | D:8      | Killed a death yak
  9802 | D:8      | Reached skill level 5 in Evocations
  9969 | D:9      | Reached XP level 11. HP: 74/84 MP: 11/11
 10091 | D:9      | Found a staircase to the Lair.
 10252 | D:9      | Got Enkuc's Volume of Excruciating Flight
 10554 | D:9      | Paralysed by a hornet for 1 turns
 10750 | D:10     | Entered Level 10 of the Dungeon
 11172 | D:10     | Noticed a two-headed ogre
 11185 | D:10     | Killed a two-headed ogre
 11268 | D:10     | Found a staircase to the Orcish Mines.
 11991 | Lair:1   | Entered Level 1 of the Lair of Beasts
 12085 | Lair:1   | Found a sparkling altar of Nemelex Xobeh.
 12212 | Lair:1   | Reached skill level 8 in Fighting
 13086 | Lair:2   | Noticed a seven-headed hydra
 13454 | Lair:2   | You fall into a shaft and drop 1 floor!
 13499 | Lair:3   | Reached XP level 12. HP: 94/94 MP: 12/12
 13538 | Lair:3   | Noticed Gastronok
 13685 | Lair:3   | Killed Gastronok
 13986 | Lair:2   | Killed a seven-headed hydra
 14365 | Lair:2   | Found a staircase to the Swamp.
 14761 | Lair:3   | HP: 3/94 [oklob plant/splash of acid (24)]
 14883 | Lair:3   | Reached skill level 9 in Fighting
 15201 | Lair:3   | Noticed an ice dragon
 15258 | Lair:3   | Found a runed translucent door.
 15419 | Lair:3   | Found a runed translucent gate.
 15420 | Lair:3   | Noticed a boulder beetle
 15421 | Lair:3   | Found a runed translucent gate.
 15422 | Lair:3   | Found a runed translucent gate.
 15422 | Lair:3   | Found a runed translucent gate.
 15422 | Lair:3   | Found a runed translucent gate.
 15434 | Lair:3   | Found a runed translucent gate.
 15451 | Lair:3   | Killed an ice dragon
 16159 | Lair:4   | Noticed a death yak
 16229 | Lair:4   | Found a hole to the Spider Nest.
 16305 | Lair:4   | Found a gate leading to a gauntlet.
 16309 | Lair:4   | Noticed Josephine
 16358 | Gauntlet | Entered a Gauntlet
 16358 | Gauntlet | Found a transporter.
 16372 | Gauntlet | Found a transporter.
 16385 | Gauntlet | Found a transporter.
 16386 | Gauntlet | Found a transporter.
 16394 | Gauntlet | Found a transporter.
 16397 | Gauntlet | Found a transporter.
 16398 | Gauntlet | Found a transporter.
 16407 | Gauntlet | Found a transporter.
 16410 | Gauntlet | Found a transporter.
 16411 | Gauntlet | Found a transporter.
 16419 | Gauntlet | Found a transporter.
 16422 | Gauntlet | Found a transporter.
 16423 | Gauntlet | Found a transporter.
 16427 | Gauntlet | Found a runed translucent door.
 16427 | Gauntlet | Found a runed translucent door.
 16431 | Gauntlet | Found a transporter.
 16574 | Gauntlet | Paralysed by a hornet for 1 turns
 16800 | Gauntlet | Noticed a minotaur
 16844 | Gauntlet | Hit by a silver javelin thrown by a minotaur

Illustrated notes

Levels and vault maps discovered:
D:1:      dpeg_arrival_shelter, layout_loops_ring,
          dreamdust_ecumenical_altar_statues
D:2:      layout_basic, serial_shops, nicolae_shop_bloodbath_and_beyond
D:3:      cheibrodos_old_hovel, layout_basic
D:4:      cheibrodos_greedy_goblins, layout_gridville, kennysheep_mini_moat,
          hangedman_decor_points, kennysheep_cross_bottleneck,
          nicolae_shop_clearance, uniq_duvessa
D:5:      layout_layer_cave, lightli_minifort, uniq_blork_the_orc
D:6:      layout_loops_corners, kennysheep_generic_room_2
D:7:      layout_basic, minmay_temple_entry_stoned_glass, enter_ossuary_3
D:8:      nicolae_BIG_FREAKIN_CUBE, layout_rooms, uniq_psyche,
          uniq_prince_ribbit1
D:9:      layout_cross, dpeg_lair_monsters, eino_tiny_chamber,
          lightli_fourway_metalbox
D:10:     layout_grid_maze, hiddenorc2_lemuel
Temple:   mainiacjoe_temple_archimedes_tessellation
Lair:1:   layout_concentric_octagons, basic_altar
Lair:2:   layout_regular_city, minmay_swamp_entry_swarm
Lair:3:   gammafunk_indiana_jones, layout_regular_city, serial_bayou,
          serial_bayou_pond_b, serial_bayou_pond_c, serial_bayou_pond_c,
          serial_bayou_crossing, ice2_lemuel, uniq_gastronok
Lair:4:   layout_misc_corridors, spider_nest_entry_funnel_web,
          gauntlet_entry_generic, lemuel_fruit_tree, grunt_megastairs_5,
          uniq_josephine
Gauntlet: gammafunk_gauntlet_77_escape_option
          [minmay_gauntlet_arena_77_terracotta_army,
          minmay_gauntlet_arena_77_braids,
          minmay_gauntlet_arena_77_broken_ladder,
          minmay_gauntlet_arena_77_tiled_triplets,
          minmay_gauntlet_arena_77_shame_cube,
          nicolae_gauntlet_exit_dead_adventurers]

Skill      XL: |  1  2  3  4  5  6  7  8  9 10 11 12 |
---------------+-------------------------------------+-----
Throwing       | 2 3 4 5 6 7 8 |  8.6
Dodging        | 3 4 5 6 7 8 |  8.9
Armour         | 1 2 3 4 5 6 7 8 |  8.4
Fighting       | 3 4 5 6 7 8 9 |  9.5
Axes           | 1 2 3 4 5 7 8 |  8.1
Shields        | 1 2 3 4 |  4.0
Evocations     | 1 3 5 6 7 |  7.9
Maces & Flails | |  2.6

Action                   |  1- 3 |  4- 6 |  7- 9 | 10-12 || total
-------------------------+-------+-------+-------+-------++-------
Melee: Flail             |    63 |       |       |       ||    63
       Tailslap          |     3 |     7 |    81 |   215 ||   306
       Broad axe         |       |    45 |   347 |   907 ||  1299
       Trident           |       |       |       |    10 ||    10
 Fire: Hunting sling     |    55 |    13 |       |    78 ||   146
Throw: Throwing net      |       |     1 |     1 |     2 ||     4
       Dart              |       |    11 |    12 |    31 ||    54
Evoke: Wand              |       |       |     6 |    20 ||    26
       Box of beasts     |       |       |       |     1 ||     1
  Use: Potion            |     2 |       |     2 |     5 ||     9
       Scroll            |       |     1 |     3 |     8 ||    12
 Stab: Held in net/web   |       |     1 |       |       ||     1
       Distracted        |       |       |       |     5 ||     5
       Sleeping          |       |       |       |     2 ||     2
       Invisible         |       |       |       |     1 ||     1
Armor: Leather armour    |     7 |       |       |   139 ||   146
       Scale mail        |    42 |    22 |       |       ||    64
       Chain mail        |       |    10 |   240 |   342 ||   592
Dodge: Dodged            |    75 |    26 |   192 |   728 ||  1021
Block: Buckler           |       |    17 |   195 |   484 ||   696

Table legend: (Time is in decaauts)
 A = Elapsed time spent in this place.
 B = Non-inter-level travel time spent in this place.
 C = Inter-level travel time spent in this place.
 D = Time resting spent in this place.
 E = Time spent auto-exploring this place.
 F = Levels seen in this place.
 G = Mean time per level.
                   A        B        C        D        E       F      G
               +--------+--------+--------+--------+--------+-----+--------+
         Total |  17322 |  16407 |    915 |    306 |  12120 |  17 | 1018.9 |
       Dungeon |  12011 |  11332 |    679 |      0 |   9012 |  10 | 1201.1 |
        Temple |    300 |    224 |     76 |      0 |    207 |   1 |  300.0 |
          Lair |   4286 |   4126 |    160 |    258 |   2604 |   4 | 1071.5 |
       Ossuary |    213 |    213 |      0 |      0 |    132 |   1 |  213.0 |
      Gauntlet |    510 |    510 |      0 |     48 |    165 |   1 |  510.0 |
               +--------+--------+--------+--------+--------+-----+--------+

Top non-repeatable levels by time:
  Lair:3: 1906 daAuts
     D:5: 1733 daAuts
     D:6: 1727 daAuts
     D:4: 1613 daAuts
     D:2: 1424 daAuts
    D:10: 1265 daAuts
  Lair:1: 1137 daAuts
     D:8: 1110 daAuts
     D:9: 991 daAuts
  Lair:2: 990 daAuts
     D:1: 866 daAuts
     D:3: 696 daAuts
     D:7: 582 daAuts
Gauntlet: 510 daAuts
  Temple: 300 daAuts
